 Dungeon Sprint DCSS version 0.18.1-50-g88ac8fd (webtiles) character file.

494 Kagutsuchi the Fighter (level 6, -2/66 HPs)
             Began as a Draconian Berserker on Oct 21, 2016.
             Was a Believer of Trog.
             Killed from afar by a white imp (4 damage)
             ... with a puff of frost
             ... summoned by a neqoxec
             ... in the Dungeon (Sprint II: "The Violet Keep of Menkaure").
             The game lasted 00:01:36 (167 turns).

Kagutsuchi the Fighter (Draconian Berserker)         Turns: 167, Time: 00:01:37

Health: -2/66      AC:  6    Str: 18      XL:     6   Next: 92%
Magic:  6/6        EV: 14    Int:  2 (5)  God:    Trog [**....]
Gold:   243        SH:  0    Dex:  8      Spells: 0 memorised, 5 levels left

rFire  . . .     SeeInvis .     a - +0 falchion
rCold  + . .     Gourm    .     (armour unavailable)
rNeg   . . .     Faith    .     (no shield)
rPois  .         Spirit   .     (helmet restricted)
rElec  .         Dismiss  .     (no cloak)
rCorr  .         Reflect  .     (no gloves)
SustAt .         Harm     .     (no boots)
MR     .....     Rnd*Rage +     (no amulet)
Stlth  +......... NoTele   +    (no ring)
                                (no ring)

@: exhausted, slowed, very slow, not resistant to hostile enchantments, very
unstealthy
A: unfitting armour, berserk 1, clumsy 2, cold resistance 1, dopey 1, screaming
1, weak 1, cold-blooded, MP-powered wands, AC +6
a: Berserk, Trog's Hand, Burn Spellbooks, Renounce Religion


You were in the Dungeon.
You worshipped Trog.
Trog was pleased with you.
You were full.

You visited 1 branch You collected 243 gold pieces.

Inventory:

Hand Weapons
 a - a +0 falchion (weapon)
Scrolls
 h - a scroll of blinking
Potions
 e - a potion of haste
 f - 2 potions of magic
 g - a potion of berserk rage


   Skills:
 + Level 10.0 Fighting
 + Level 8.6 Long Blades
 + Level 8.8 Dodging


You had 5 spell levels left.
You didn't know any spells.

Dungeon Overview and Level Annotations

Branches:
Dungeon (1/1)

Altars:


Innate Abilities, Weirdness & Mutations

Your plain brown scales are hard (AC +6).
Your body does not fit into most forms of armour.
You are cold-blooded and may be slowed by cold attacks.
You tend to lose your temper in combat.
You are very clumsy. (Dex -4)
Your flesh is cold resistant.
You are dopey. (Int -2)
You occasionally shout uncontrollably at your foes.
You are weak. (Str -2)
You expend magic power (3 MP) to strengthen your wands.


Message History

The iron imp is moderately wounded.
The white imp picks up a beetle and eats it.
The white imp gestures at you. The puff of frost misses you.
The neqoxec gestures at you.
Something tries to feed on your intellect!
The neqoxec gestures at you.
Strange energies course through your body.
You feel your magical essence link to your wands.
The iron imp shouts, "Fly, thou defiled boil-brained fleecer!"
The iron imp misses you.
Unknown command.
You closely miss the iron imp.
The iron imp is moderately wounded.
The white imp closely misses you. The neqoxec misses you. x2
The iron imp hits you.
* * * LOW HITPOINT WARNING * * *
The white imp gestures at you. The puff of frost hits you! You resist.
You die...

## # #5###+#
.##
#53##.##B..#
#@55<.+#
#3##.##B§.#
#.###'# .##
####.#.# #
#.###.# ##.#
## ##+# ≈≈≈
#+++


You could see 2 neqoxecs, 2 iron imps, a white imp and a shadow imp.

Vanquished Creatures
  2 neqoxecs (D)
  2 hippogriffs (D)
4 creatures vanquished.

Vanquished Creatures (others)
  Menkaure (D)
  A crocodile (D)
2 creatures vanquished.

Grand Total: 6 creatures vanquished

Notes
Turn   | Place    | Note
--------------------------------------------------------------
     0 | D        | Kagutsuchi the Draconian Berserker began the quest for the Orb.
     0 | D        | Reached XP level 1. HP: 19/19 MP: 1/1
     1 | D        | Noticed a hippogriff
     1 | D        | Noticed a hippogriff
     7 | D        | Killed a hippogriff
     7 | D        | Reached skill level 6 in Fighting
     7 | D        | Reached skill level 5 in Dodging
     7 | D        | Reached XP level 2. HP: 23/31 MP: 2/2
     7 | D        | Reached XP level 3. HP: 29/38 MP: 3/3
     7 | D        | Reached XP level 4. HP: 34/45 MP: 4/4
    13 | D        | Killed a hippogriff
    13 | D        | Reached ** piety under Trog
    13 | D        | Reached skill level 8 in Fighting
    13 | D        | Reached XP level 5. HP: 37/55 MP: 5/5
    32 | D        | Killed Menkaure
    45 | D        | Killed a crocodile
   136 | D        | Noticed a boulder beetle
   136 | D        | Noticed a boulder beetle
   140 | D        | Noticed a neqoxec
   140 | D        | Noticed a neqoxec
   140 | D        | Noticed a neqoxec
   140 | D        | Noticed a neqoxec
   141 | D        | Gained mutation: Your flesh is cold resistant. [a neqoxec]
   145 | D        | Killed a neqoxec
   145 | D        | Reached skill level 9 in Fighting
   145 | D        | Reached XP level 6. HP: 64/64 MP: 6/6
   147 | D        | Gained mutation: You are clumsy. (Dex -2) [a neqoxec]
   157 | D        | Killed a neqoxec
   157 | D        | Reached skill level 10 in Fighting
   157 | D        | Gained mutation: You are dopey. (Int -2) [a neqoxec]
   158 | D        | Gained mutation: You are very clumsy. (Dex -4) [a neqoxec]
   159 | D        | Gained mutation: You are weak. (Str -2) [a neqoxec]
   159 | D        | Gained mutation: You tend to lose your temper in combat. [a neqoxec]
   161 | D        | Gained mutation: You occasionally shout uncontrollably at your foes. [a neqoxec]
   165 | D        | HP: 2/66 [iron imp[a neqoxec] (8)]
   166 | D        | Gained mutation: You expend magic power (3 MP) to strengthen your wands. [a neqoxec]
   167 | D        | Killed from afar by a white imp

Skill      XL: |  1  2  3  4  5  6 |
---------------+-------------------+-----
Fighting       | 6 8 9 10 | 10.0
Long Blades    | 6 7 8 |  8.6
Dodging        | 5 7 8 |  8.8

Action                   |  1- 3 |  4- 6 || total
-------------------------+-------+-------++-------
Melee: Falchion          |     5 |    26 ||    31
       Tailslap          |       |     7 ||     7
Invok: Berserk           |     1 |     1 ||     2
  Use: Potion            |       |     2 ||     2
  Eat: Bread ration      |       |     1 ||     1
Armor: Skin              |     3 |     5 ||     8
Dodge: Dodged            |     3 |    31 ||    34
